 Dungeon Crawl Stone Soup version 0.22-a0-93-g6b88ebb (webtiles) character file.

36925 4thArraOfDagon the Fighter (level 13, -16/146 HPs)
             Began as a Demigod Wanderer on Jan 24, 2018.
             Shot with a bolt by an orc knight (21 damage)
             ... on level 14 of the Dungeon.
             The game lasted 00:53:32 (10778 turns).

4thArraOfDagon the Fighter (Demigod Wanderer)      Turns: 10778, Time: 00:53:33

Health: -16/146    AC: 30    Str: 18    XL:     13   Next: 23%
Magic:  27/31      EV: 11    Int: 22    God:
Gold:   474        SH:  0    Dex: 14    Spells: 25/31 levels left

rFire    . . .     SeeInvis +     - Unarmed
rCold    . . .     Gourm    .   (no shield)
rNeg     + . .     Faith    .   (armour currently unavailable)
rPois    ∞         Spirit   .   P - +2 hat
rElec    +         Reflect  .   k - +1 cloak
rCorr    .         Harm     .   (gloves currently unavailable)
MR       ++...                  (boots currently unavailable)
Stlth    +.........             (no amulet)
HPRegen  0.34/turn              h - ring of protection from magic
MPRegen  0.22/turn              q - ring of see invisible

@: statue-form, very slightly contaminated, very slow
A: high mp 1
a: End Transformation


You were on level 14 of the Dungeon.
You were not hungry.
You were a stone statue.
You visited 2 branches of the dungeon, and saw 16 of its levels.

You collected 822 gold pieces.
You spent 348 gold pieces at shops.

Inventory:

Hand Weapons
 b - a +0 hand axe
 l - a +0 rapier
 x - a +0 whip of venom
 C - a +1 scimitar of flaming
 N - a +0 blowgun
Missiles
 R - 5 curare-tipped needles
Armour
 d - a +0 robe
 g - a +0 ring mail
 i - a +1 pair of boots of stealth (melded)
 k - a +1 cloak (worn)
 m - a +0 pair of gloves
 n - a +0 helmet
 p - a +0 scale mail
 v - a +3 chain mail
 A - a +1 pair of boots
 F - a +1 troll leather armour
 K - the +1 pair of gloves "Weri" (melded) {Stlth+}
   (You bought it in a shop on level 11 of the Dungeon)

   It makes you more stealthy.
 L - the +1 robe "Fycuad" (melded) {rN+ Regen+ Str+2 Dex+2}
   (You bought it in a shop on level 11 of the Dungeon)

   It affects your strength (+2).
   It affects your dexterity (+2).
   It protects you from negative energy.
   It increases your rate of regeneration.
 P - a +2 hat (worn)
Jewellery
 h - a ring of protection from magic (left hand)
 o - an uncursed ring of flight
 q - a ring of see invisible (right hand)
 H - an uncursed ring of fire
 J - an uncursed ring of loudness
Wands
 y - a wand of polymorph (1)
Scrolls
 a - a scroll of summoning
 c - 4 scrolls of teleportation
 j - a scroll of holy word {unknown}
 t - a scroll of acquirement {unknown}
 u - 3 scrolls of magic mapping
 w - a scroll of remove curse
 z - a scroll of enchant weapon {unknown}
 E - a scroll of immolation {unknown}
 G - a scroll of blinking
 O - a scroll of amnesia {unknown}
Potions
 e - a potion of mutation {unknown}
 r - 2 potions of cancellation
 M - a potion of berserk rage
 Q - a potion of flight
Books
 I - a book of Transfigurations

   Spells                             Type                      Level
   a - Irradiate                      Conjuration/Transmutation    5
   b - Statue Form                    Transmutation/Earth          6
   c - Hydra Form                     Transmutation                6
   d - Dragon Form                    Transmutation                7
Miscellaneous
 s - a lamp of fire
Comestibles
 f - 12 rations
 B - 3 chunks of flesh


   Skills:
 - Level 10.2 Fighting
 - Level 1.0 Axes
 - Level 2.6 Armour
   Level 1.7 Shields
 - Level 8.1 Unarmed Combat
 + Level 9.8 Spellcasting
 - Level 10.2 Transmutations
 - Level 10.2 Earth Magic


You had 25 spell levels left.
You knew the following spells:

 Your Spells              Type           Power        Failure   Level  Hunger
a - Statue Form           Tmut/Erth      ######...    14%         6    ######.


Dungeon Overview and Level Annotations

Branches:
Dungeon (15/15)            Temple (0/1) D:5            Lair (0/6) D:9
    Orc (1/2) D:11         Vaults (0/5) D:14         Depths (0/5) D:15

Shops:
D:9 (   D:11 }[   D:13 *

Portals:
Trove: D:12 (give 6 scrolls of blinking)

Annotations:
D:3 KristoblXynda's ghost, amateur DrMo
D:4 wazuzu's ghost, amateur HOMo
D:10 Nergalle; Snorg
D:11 Fannar
D:12 Kirke


Innate Abilities, Weirdness & Mutations

You have an increased reservoir of magic. (+10% MP)


Message History

* * * LOW HITPOINT WARNING * * *
The big kobold closely misses you.
Unknown command.
Unknown command.
Unknown command.
You feel better.
The orc knight hits you with an uncursed enchanted great mace!
* * * LOW HITPOINT WARNING * * *
The big kobold hits you but does no damage.
Unknown command.
Unknown command.
Blink to where?
Press: ? - help, Dir - move target cursor You are very lightly contaminated with residual magic.
As you read the scroll of blinking, it crumbles to dust.
The big kobold hits you but does no damage.
The orc knight unwields an uncursed enchanted great mace.
The orc knight wields an uncursed arbalest of flaming.
It bursts into flame!
The orc knight shoots a bolt.
The bolt hits you!!
You die...

###### ...........# #.## #.#
.....# ...........# #..# #.#
#....## ####### ###..###.#
......#### ## #.....##.#
......... .# #.....##.#
.....#..###.# #.....(..#
.....##.....# #.........
...........####### # ####...###
≈≈≈........#∩..K8# .# #...##
##≈≈......##..#.## .# #..z.#
##≈....)###.#o#.#..# #..#.#
#≈...†#)##.K##o#..#.## #..#9#
#≈....)###.#(.....Ke.. #..#.##
##≈...)()######.#..#.#####..#..#
##≈≈)))....)...(...............(#
≈≈≈..............................
.....(....######.#..#.#####....#.


You could see an orc knight, a kobold demonologist and a big kobold.

Vanquished Creatures
  Rupert (D:13)
  Gastronok (D:8)
  Frances (D:12)
  A yaktaur captain (D:15)
  A hydra (D:15)
  Erolcha (D:10)
  2 centaur warriors (D:15)
  Erica (D:10)
  2 two-headed ogres
  5 skeletal warriors (D:14)
  A deep elf knight (D:14)
  An unseen horror (D:15)
  A harpy (D:14)
  6 ugly things
  3 cyclopes
  An orc knight (D:14)
  A wolf spider zombie (D:14)
  3 deep elf magi
  An orc sorcerer (D:15)
  A manticore (D:14)
  A spectral centaur (D:15)
  A salamander (D:14)
  Maurice (D:11)
  5 centaur zombies
  6 gargoyles
  A yaktaur (D:15)
  An efreet (D:15)
  2 trolls
  Prince Ribbit (D:8)
  4 hippogriffs
  A shadow (D:12)
  A spriggan (D:7)
  A wyvern (D:14)
  7 yaks (D:9)
  A wraith (D:15)
  Grum (D:8)
  2 hungry ghosts
  6 vampire mosquitoes (D:15)
  3 hogs
  A warg (D:11)
  A soldier ant (D:15)
  An acid dragon (D:11)
  A swamp drake (D:8)
  9 orc warriors
  2 ice beasts
  4 sky beasts
  A phantom (D:8)
  An eye of draining (D:15)
  2 ogres
  2 wolves (D:8)
  2 crocodiles
  8 centaurs
  3 big kobolds
  9 bullfrogs
  3 scorpions
  3 killer bees
  5 wights (D:14)
  6 howler monkeys
  A bullfrog zombie (D:10)
  6 crimson imps
  A quasit (D:9)
  A hound (D:7)
  8 orc wizards
  2 bullfrog skeletons
  5 centaur skeletons
  8 orc priests
  2 jellies
  Jessica (D:2)
  An iguana (D:11)
  4 worker ants
  2 hound skeletons
  3 gnolls
  9 adders
  An ooze (D:4)
  An adder skeleton (D:7)
  A worm (D:2)
  A dart slug (D:2)
  4 leopard geckos
  37 orcs
  3 giant cockroaches
  5 goblins (D:1)
  4 hobgoblins (D:1)
  3 jackals (D:2)
  2 ball pythons
  3 bats
  2 frilled lizards
  A jackal skeleton (D:4)
  15 kobolds
  A leopard gecko zombie (D:7)
  9 rats
292 creatures vanquished.

Vanquished Creatures (others)
  A hydra (D:12)
1 creature vanquished.

Grand Total: 293 creatures vanquished

Notes
Turn   | Place    | Note
-------+----------+-------------------------------------------
     0 | D:1      | 4thArraOfDagon the Demigod Wanderer began the quest for the Orb.
     0 | D:1      | 4thArraOfDagon set off with: a +0 shield, a +0 hand axe, a scroll of teleportation, a +0 robe, a ration
     0 | D:1      | Reached XP level 1. HP: 19/19 MP: 3/3
    75 | D:1      | HP: 1/20 [hobgoblin/club (3)]
   102 | D:1      | Reached XP level 2. HP: 17/27 MP: 4/4
   250 | D:2      | Noticed Jessica
   270 | D:2      | Found a faded altar of an unknown god.
   280 | D:2      | Reached XP level 3. HP: 21/34 MP: 5/5
   281 | D:2      | Killed Jessica
   281 | D:2      | Reached skill level 5 in Fighting
   487 | D:3      | Noticed KristoblXynda's ghost (amateur DrMo)
   540 | D:4      | Reached XP level 4. HP: 36/42 MP: 6/6
   753 | D:4      | Noticed wazuzu's ghost (amateur HOMo)
   817 | D:4      | Reached XP level 5. HP: 43/50 MP: 7/7
   970 | D:5      | Entered Level 5 of the Dungeon
  1083 | D:5      | Found a staircase to the Ecumenical Temple.
  1153 | D:5      | Noticed an ogre
  1187 | D:4      | Found a hide-covered altar of Uskayaw.
  1187 | D:4      | Found a glowing silver altar of Zin.
  1207 | D:5      | Noticed a centaur
  1315 | D:6      | Reached XP level 6. HP: 48/60 MP: 8/8
  1412 | D:8      | Noticed Gastronok
  1508 | D:7      | Noticed a spriggan baker
  1519 | D:7      | Killed a spriggan baker
  1667 | D:7      | Noticed a hungry ghost
  1813 | D:9      | Reached XP level 7. HP: 45/68 MP: 9/9
  1878 | D:9      | Noticed a hippogriff
  1878 | D:9      | Noticed a yak
  1893 | D:9      | Noticed a yak
  1893 | D:9      | Noticed a yak
  1894 | D:9      | Noticed a yak
  1950 | D:9      | Killed a yak
  1989 | D:9      | Killed a yak
  2024 | D:9      | Killed a yak
  2210 | D:9      | Reached XP level 8. HP: 37/79 MP: 10/10
  2307 | D:10     | Entered Level 10 of the Dungeon
  2336 | D:10     | Noticed a two-headed ogre
  2428 | D:8      | Reached skill level 10 in Fighting
  2599 | D:10     | Noticed a hippogriff
  2624 | D:10     | Killed a hippogriff
  2624 | D:10     | Reached skill level 1 in Spellcasting
  2632 | D:10     | Learned a level 6 spell: Statue Form
  2838 | D:8      | Noticed Prince Ribbit
  2855 | D:7      | Reached skill level 1 in Transmutations
  2855 | D:7      | Reached skill level 1 in Earth Magic
  3335 | D:8      | Noticed Grum
  3369 | D:8      | Killed Grum
  3555 | D:8      | Noticed a two-headed ogre
  3589 | D:9      | Noticed a hippogriff
  3621 | D:9      | Killed a hippogriff
  3621 | D:9      | Reached XP level 9. HP: 27/85 MP: 15/15
  3950 | D:9      | Noticed a cyclops
  3951 | D:9      | ZorroFel: !subscribe
  3951 | D:9      | beem: Subscribed. I will now watch all games of user ZorroFel
  3964 | D:9      | Killed a cyclops
  4259 | D:10     | Noticed Nergalle
  4260 | D:10     | Noticed Psyche
  4388 | D:10     | Noticed Erica
  4411 | D:10     | Killed Erica
  4411 | D:10     | Reached skill level 5 in Unarmed Combat
  4526 | D:10     | Noticed a two-headed ogre
  4543 | D:10     | Noticed Snorg
  4602 | D:12     | Reached XP level 10. HP: 62/93 MP: 18/18
  4773 | D:12     | Reached skill level 5 in Transmutations
  4869 | D:13     | Noticed a two-headed ogre
  4911 | D:12     | Found a portal to a secret trove of treasure.
  4989 | D:12     | Noticed an eight-headed hydra
  5055 | D:10     | Reached skill level 5 in Earth Magic
  5106 | D:11     | Found an ancient bone altar of Kikubaaqudgha.
  5213 | D:11     | Noticed Fannar
  5253 | D:11     | Found a staircase to the Orcish Mines.
  5264 | D:11     | Found Suoxieku's Gadget Emporium.
  5473 | D:11     | Noticed Maurice
  5508 | D:11     | Killed Maurice
  5791 | D:12     | Noticed Frances
  5874 | D:11     | Found Daublyv's Antique Armour Shop.
  5920 | D:11     | Bought a pair of twisted gloves for 190 gold pieces
  5920 | D:11     | Bought a slimy robe for 114 gold pieces
  5936 | D:11     | Identified the +1 pair of gloves "Weri" {Stlth+} (You bought it in a shop on level 11 of the Dungeon)
  5946 | D:11     | Identified the cursed +1 robe "Fycuad" {rN+ Regen+ Str+2 Dex+2} (You bought it in a shop on level 11 of the Dungeon)
  5967 | D:10     | Noticed Psyche
  5967 | D:10     | Psyche changed into Psyche the naga
  5968 | D:10     | Noticed Psyche
  5968 | D:10     | Psyche the naga changed into Psyche the hog
  5973 | D:10     | Killed Psyche the hog
  5977 | D:10     | Noticed Erolcha
  5992 | D:10     | Killed Erolcha
  6063 | D:9      | Found a staircase to the Lair.
  6115 | D:9      | Found Dawyady's Weapon Shop.
  6351 | D:8      | Killed Prince Ribbit
  6617 | D:8      | Killed a two-headed ogre
  6617 | D:8      | Reached XP level 11. HP: 100/100 MP: 21/21
  6750 | D:8      | pog champ
  6768 | D:8      | Killed Gastronok
  7141 | D:12     | Noticed Kirke
  7466 | D:13     | Found Yxuerir's General Store.
  7504 | D:13     | Noticed Rupert
  7509 | D:13     | Paralysed by Rupert for 2 turns
  8188 | D:14     | You fall through a shaft!
  8188 | D:15     | Entered Level 15 of the Dungeon
  8189 | D:15     | :O
  8261 | D:15     | Noticed an orc knight
  8262 | D:15     | an orc knight changed into a salamander
  8332 | D:15     | Noticed a seven-headed hydra
  8567 | D:14     | Noticed a skeletal warrior
  8568 | D:14     | Noticed a skeletal warrior
  8569 | D:14     | Noticed a skeletal warrior
  8741 | D:13     | Bought a potion of brilliance for 44 gold pieces
  8803 | D:11     | Killed a two-headed ogre
  8803 | D:11     | Reached skill level 5 in Spellcasting
  8990 | D:11     | HP: 1/100 [orc warrior/mace (19)]
  9105 | D:11     | Found a roughly hewn altar of Beogh.
  9136 | Orc:1    | Entered Level 1 of the Orcish Mines
  9152 | Orc:1    | Noticed an orc knight
  9256 | D:10     | Noticed a two-headed ogre
  9353 | D:10     | You fall through a shaft for 3 floors!
  9379 | D:12     | Killed Frances
  9379 | D:12     | Killed an eight-headed hydra
  9412 | D:13     | Killed Rupert
  9425 | D:14     | Reached XP level 12. HP: 69/106 MP: 24/24
  9619 | D:15     | Noticed a centaur warrior
  9646 | D:14     | magipi: hello
  9986 | D:15     | Reached skill level 10 in Earth Magic
 10007 | D:15     | Noticed a centaur warrior
 10022 | D:15     | Killed a centaur warrior
 10022 | D:15     | Reached skill level 10 in Transmutations
 10040 | D:15     | Found a staircase to the Depths.
 10040 | D:15     | Noticed a yaktaur captain
 10048 | D:15     | Killed a yaktaur captain
 10153 | D:15     | Killed a seven-headed hydra
 10284 | D:15     | Killed a centaur warrior
 10331 | D:15     | Reached XP level 13. HP: 72/113 MP: 29/29
 10654 | D:14     | Noticed Sonja
 10659 | D:14     | Noticed Sonja
 10659 | D:14     | Sonja changed into Sonja the harpy
 10663 | D:14     | Killed Sonja the harpy
 10769 | D:14     | Found a gate to the Vaults.
 10777 | D:14     | HP: 4/146 [orc knight/uncursed enchanted great mace (15)]
 10778 | D:14     | Shot with a bolt by an orc knight

Vault maps used:
D:1:      dpeg_arrival_arbitrary_b
D:2:      chequers_ecumenical_altar_simple_redux, first_ration,
          hangedman_decor_push, nicolae_qazlal_style_of_elements, uniq_jessica
D:3:      minmay_misc_feat_roman
D:4:      nicolae_overflow_hidden_temple, minmay_misc_feat_x,
          trog_hazing_becter, uniq_menkaure
D:5:      minmay_temple_entry_poolview, minmay_crystal_room
D:6:      trog_butcher_becter, uniq_duvessa, uniq_blork_the_orc
D:7:      lemuel_coloured_pillars_altar, the_bakery
D:8:      uniq_grum, uniq_gastronok, uniq_prince_ribbit1
D:9:      lair_entry_dummy, serial_shops, nicolae_shop_stone, minivault_25_ag,
          lightli_minifort
D:10:     cheibrodos_barr_body, uniq_nergalle, uniq_erica, uniq_snorg,
          uniq_erolcha, uniq_psyche
D:11:     cheibrodos_statue_roulette, minmay_orc_entry_temple_small,
          basic_altar, serial_shops, nicolae_shop_waterfront, shop, uniq_fannar,
          uniq_maurice
D:12:     trove_entry_hex_spiral, hangedman_incinerator, uniq_kirke,
          uniq_frances
D:13:     serial_shops, shop, uniq_rupert
D:14:     hangedman_vaults_entry_quadrant_bands, kennysheep_decorative_pillar,
          uniq_sonja
D:15:     grunt_enter_depths_snipers, hangedman_weighted_door, library_closet,
          minmay_misc_feat_secret_circle

Skill      XL: |  1  2  3  4  5  6  7  8  9 10 11 12 13 |
---------------+----------------------------------------+-----
Fighting       | 4 5 6 7 8 9 10 | 10.2
Unarmed Combat | 3 5 7 8 |  8.1
Spellcasting   | 2 3 4 5 8 9 |  9.8
Transmutations | 2 4 6 8 10 | 10.2
Earth Magic    | 2 4 6 8 10 | 10.2
Axes           | |  1.0
Armour         | |  2.6
Shields        | |  1.7

Action                   |  1- 3 |  4- 6 |  7- 9 | 10-12 | 13-15 || total
-------------------------+-------+-------+-------+-------+-------++-------
Melee: Hand axe          |    64 |       |       |       |       ||    64
       Rapier            |    24 |   185 |    13 |       |       ||   222
       Whip              |       |    12 |   283 |   147 |       ||   442
       Unarmed           |       |       |    89 |   642 |    82 ||   813
       Punch             |       |       |     3 |    30 |     2 ||    35
 Cast: Statue Form       |       |       |       |    16 |     9 ||    25
 Abil: End Transformatio |       |       |       |     9 |     1 ||    10
Evoke: Wand              |       |     2 |     3 |    27 |     1 ||    33
       Lamp of fire      |       |       |       |     1 |       ||     1
  Use: Potion            |     3 |       |     3 |     8 |     1 ||    15
       Scroll            |       |     6 |     4 |    14 |     2 ||    26
 Stab: Sleeping          |     2 |       |     1 |     2 |       ||     5
       Confused          |       |       |       |     3 |       ||     3
  Eat: Chunk             |       |     3 |     6 |    24 |     5 ||    38
       Ration            |       |     1 |     2 |     3 |       ||     6
Armor: Robe              |     1 |       |       |   145 |       ||   146
       Ring mail         |    39 |    11 |       |       |       ||    50
       Scale mail        |       |   106 |   246 |    65 |       ||   417
       Skin              |       |       |     2 |   241 |   105 ||   348
       Troll leather arm |       |       |       |    31 |       ||    31
Dodge: Dodged            |    87 |   102 |   178 |   530 |    90 ||   987
Block: Shield            |     5 |       |       |       |       ||     5

Table legend:
 A = Spawn XP
 B = Non-spawn XP
 C = Spawn XP percentage of total XP
 D = Spawn monster count
 E = Non-spawn monster count
 F = Spawn count percentage of total count
 G = Total turns spent on level
                    A         B        C        D         E        F      G
               +---------+---------+-------+---------+---------+-------+---------
         Total |       0 |   52751 |   0.0 |       0 |     292 |   0.0 | 10778
               +---------+---------+-------+---------+---------+-------+---------
           D:1 |       0 |      22 |   0.0 |       0 |      14 |   0.0 |   241
           D:2 |       0 |      77 |   0.0 |       0 |      16 |   0.0 |   181
           D:3 |       0 |      65 |   0.0 |       0 |       7 |   0.0 |   215
           D:4 |       0 |     180 |   0.0 |       0 |      12 |   0.0 |   397
           D:5 |       0 |       6 |   0.0 |       0 |       2 |   0.0 |   181
           D:6 |       0 |     148 |   0.0 |       0 |       3 |   0.0 |   130
           D:7 |       0 |     764 |   0.0 |       0 |      19 |   0.0 |   739
           D:8 |       0 |    4894 |   0.0 |       0 |      30 |   0.0 |  1307
           D:9 |       0 |    3508 |   0.0 |       0 |      26 |   0.0 |  1645
          D:10 |       0 |    3066 |   0.0 |       0 |      21 |   0.0 |   666
          D:11 |       0 |    5233 |   0.0 |       0 |      43 |   0.0 |  1575
          D:12 |       0 |    3571 |   0.0 |       0 |      11 |   0.0 |   743
          D:13 |       0 |    3794 |   0.0 |       0 |       8 |   0.0 |   601
          D:14 |       0 |   13510 |   0.0 |       0 |      37 |   0.0 |  1329
          D:15 |       0 |   13913 |   0.0 |       0 |      43 |   0.0 |   798
               +---------+---------+-------+---------+---------+-------+---------
